 Dungeon Crawl Stone Soup version 0.28-a0-461-g2dc4ca5097 (webtiles) character file.

Game seed: 16819145781569999620

714 heikuro the Poker (level 8, -1/63 HPs)
             Began as a Formicid Fighter on Sept 13, 2021.
             Was an Initiate of Hepliaklqana.
             Slain by a water moccasin (6 damage)
             ... on level 4 of the Dungeon on Sept 14, 2021.
             The game lasted 00:06:23 (5825 turns).

heikuro the Poker (Formicid Fighter)                Turns: 5825, Time: 00:06:24

Health: -1/63      AC:  8    Str: 24    XL:     8   Next: 1%
Magic:  8/8        EV: 10    Int:  7    God:    Hepliaklqana [......]
Gold:   141        SH:  4    Dex: 10    Spells: 7/7 levels left

rFire   . . .      SeeInvis +   a - +0 halberd
rCold   . . .      Faith    .   c - +0 buckler
rNeg    . . .      Spirit   .   b - +0 scale mail
rPois   .          Reflect  .   (helmet unavailable)
rElec   .          Harm     .   g - +0 cloak
rCorr   .          Rampage  .   (no gloves)
Will    .....                   (no boots)
Stlth   ..........              (no amulet)
HPRegen 0.20/turn               (no ring)
MPRegen 0.11/turn               (no ring)

@: lethally poisoned (-1 -> -7)
A: permanent stasis, dig shafts and tunnels, antennae 3, four strong arms
a: Dig, Shaft Self, Renounce Religion


You were on level 4 of the Dungeon.
You worshipped Hepliaklqana.
Hepliaklqana was noncommittal.
You visited 2 branches of the dungeon, and saw 6 of its levels.

You collected 141 gold pieces.

Inventory:

Hand Weapons
 a - a +0 halberd (weapon)
Missiles
 k - 24 poisoned darts (quivered)
 q - 3 curare-tipped darts
Armour
 b - a +0 scale mail (worn)
 c - a +0 buckler (worn)
 g - a +0 cloak (worn)
Jewellery
 l - an amulet of magic regeneration
Wands
 p - a wand of flame (13)
Scrolls
 f - 2 scrolls of identify
 j - 4 scrolls of teleportation {unknown}
 r - a scroll of vulnerability {unknown}
Potions
 d - 3 potions of might
 e - a potion of cancellation
 h - a potion of lignification
 i - a potion of curing
 m - a potion of brilliance
 n - a potion of flight {unknown}
 o - a potion of heal wounds {unknown}
 s - a potion of degeneration {unknown}


   Skills:
 + Level 5.5 Fighting
 * Level 6.1 Polearms
 + Level 5.5 Armour
 - Level 3.6 Shields
 + Level 0.0 Invocations


You had 7 spell levels left.
You didn't know any spells.
Your spell library contained the following spells:

 Spells                   Type           Power      Damage    Failure   Level
 Scorch                   Fire           0%         2d5       85%         2
 Flame Wave               Conj/Fire      0%         3d3       100%        4
 Summon Cactus Giant      Summ           0%         N/A       100%        6


Dungeon Overview and Level Annotations

Branches:
Dungeon (5/15)             Temple (1/1) D:4

Altars:
Cheibriados
Dithmenos
Elyvilon
Hepliaklqana
Kikubaaqudgha
Qazlal
Sif Muna
Trog
Vehumet
Zin

Shops:
D:2 (


Innate Abilities, Weirdness & Mutations

You cannot be hasted, slowed, berserked, paralysed or teleported.
You can dig through walls and to a lower floor.
You have a pair of large antennae on your head. (SInv)
Your four strong arms can wield two-handed weapons with a shield.


Message History

You are more poisoned.
The water moccasin poisons you!
You hit the water moccasin.
The water moccasin is heavily wounded.
You feel very sick. The water moccasin bites you.
The water moccasin bites you but does no damage.
You puncture the water moccasin!
The water moccasin is almost dead.
You feel very sick. The water moccasin bites you. x2
You are more poisoned.
The water moccasin poisons you!
You closely miss the water moccasin.
The water moccasin is almost dead.
You feel extremely sick. The water moccasin bites you.
You barely miss the water moccasin.
The water moccasin is almost dead.
* * * LOW HITPOINT WARNING * * *
You feel very sick.
You block the water moccasin's attack. x2
You are too injured to fight recklessly!
You hit the water moccasin.
The water moccasin is almost dead.
* * * LOW HITPOINT WARNING * * *
You feel very sick. The water moccasin barely misses you.
The water moccasin bites you but does no damage.
You are too injured to fight recklessly!
You barely miss the water moccasin.
The water moccasin is almost dead.
* * * LOW HITPOINT WARNING * * *
You feel very sick.
The water moccasin bites you but does no damage.
You closely miss the water moccasin.
The water moccasin is almost dead.
* * * LOW HITPOINT WARNING * * *
You feel sick. The water moccasin bites you.
You die...

.##.#......###.###.#####....).##.
......#..#...#.# #...†...#.##.##.
.###..)#.#.....###.#######..(....
.# #####.#...#.....# #....### .##
#.##.##.##### #.#### ..#
#.......# #.# ..# ####.#### #.#
..# #.############ #.# ..#####
#....S@......# #.# ......###
#..#####.>...# #.#
..........#..##........# #.#
......###.#..##.##.....# #.###
....##.......##.##.....# #...#
..#.# ##.#........##### ###.#
..#.# #.#..##.#### #.# ....#
#.......# #.# .#..##.####..####
########.#


You could see a water moccasin.

Vanquished Creatures
  Grinder (D:3)
  2 ogres (D:5)
  A hound (D:4)
  An iguana (D:5)
  Natasha (thrice) (D:3)
  An orc wizard (D:3)
  8 gnolls
  5 adders
  A worm (D:2)
  3 dart slugs (D:3)
  4 orcs
  8 ball pythons
  3 bats
  5 endoplasms
  5 giant cockroaches
  3 goblins
  9 hobgoblins
  6 jackals
  8 kobolds
  2 quokkas
  3 frilled lizards
  4 rats
86 creatures vanquished.

Notes
Turn   | Place    | Note
-------+----------+-------------------------------------------
     0 | D:1      | heikuro the Formicid Fighter began the quest for the Orb.
     0 | D:1      | Reached XP level 1. HP: 18/18 MP: 1/1
   124 | D:1      | Found a faded altar of an unknown god.
   168 | D:1      | Reached XP level 2. HP: 23/24 MP: 2/2
   419 | D:1      | Reached XP level 3. HP: 25/29 MP: 3/3
   863 | D:2      | Reached skill level 3 in Polearms
   975 | D:2      | Reached XP level 4. HP: 37/37 MP: 4/4
  1258 | D:2      | Found Ytteirec's Weapon Boutique.
  1948 | D:2      | Reached XP level 5. HP: 40/42 MP: 5/5
  2260 | D:3      | Reached skill level 4 in Polearms
  2952 | D:3      | Found a glowing silver altar of Zin.
  2952 | D:3      | Noticed an angel
  3002 | D:3      | Noticed Grinder
  3239 | D:3      | Noticed Natasha
  3248 | D:3      | Killed Natasha
  3249 | D:3      | Reached XP level 6. HP: 40/49 MP: 6/6
  3403 | D:3      | Killed Grinder
  3404 | D:3      | Reached skill level 5 in Polearms
  3404 | D:3      | Reached XP level 7. HP: 44/55 MP: 7/7
  3502 | D:3      | Noticed Natasha
  3517 | D:3      | Killed Natasha
  3845 | D:3      | Noticed Natasha
  3859 | D:3      | Killed Natasha
  3860 | D:3      | Reached skill level 5 in Fighting
  3860 | D:3      | Reached skill level 5 in Armour
  4273 | D:3      | Found a glowing silver altar of Zin.
  4918 | D:4      | You fall into a shaft and drop 1 floor!
  4918 | D:5      | Entered Level 5 of the Dungeon
  4959 | D:5      | Reached skill level 6 in Polearms
  5523 | D:4      | Found a staircase to the Ecumenical Temple.
  5536 | D:4      | Reached XP level 8. HP: 63/63 MP: 8/8
  5543 | Temple   | Entered the Ecumenical Temple
  5561 | Temple   | Became a worshipper of Hepliaklqana the Forgotten
  5825 | D:4      | Slain by a water moccasin

Illustrated notes

Levels and vault maps discovered:
D:1:      amcnicky_arrival_gap_in_the_tavern_cellar, layout_rooms,
          shapermc_ecumenical_altar_mp_highgroup, chequers_mini_garden,
          kennysheep_crisscross, minmay_pentomino_r2
D:2:      layout_rooms, serial_shops, nicolae_shop_trees, serial_glass,
          glass_columns_a, glass_columns_a
D:3:      layout_basic, zin_angel, grunt_decor_junction, uniq_natasha,
          uniq_grinder
D:4:      layout_loops_cross, mainiacjoe_overflow_chevrons,
          minmay_temple_entry_glassed_door
D:5:      layout_basic, nicolae_underground_beach
Temple:   compressed_dpeg_triangle_lava_temple

Skill      XL: |  1  2  3  4  5  6  7 |
---------------+----------------------+-----
Polearms       | 3 4 5 6 |  6.1
Armour         | 4 5 |  5.5
Fighting       | 4 5 |  5.5
Shields        | |  3.6

Action                   |  1- 3 |  4- 6 |  7- 9 || total
-------------------------+-------+-------+-------++-------
Melee: Trident           |   105 |   156 |       ||   261
       Halberd           |       |    16 |   136 ||   152
  Use: Scroll            |     2 |       |     3 ||     5
Armor: Scale mail        |    38 |    64 |    74 ||   176
Dodge: Dodged            |    47 |    55 |    65 ||   167
Block: Buckler           |    16 |    21 |    29 ||    66

Table legend: (Time is in decaauts)
 A = Elapsed time spent in this place.
 B = Non-inter-level travel time spent in this place.
 C = Inter-level travel time spent in this place.
 D = Time resting spent in this place.
 E = Time spent auto-exploring this place.
 F = Levels seen in this place.
 G = Mean time per level.
                   A        B        C        D        E       F      G
               +--------+--------+--------+--------+--------+-----+--------+
         Total |   5914 |   5553 |    361 |   1612 |   2904 |   6 |  985.7 |
       Dungeon |   5694 |   5340 |    354 |   1612 |   2707 |   5 | 1138.8 |
        Temple |    219 |    212 |      7 |      0 |    197 |   1 |  219.0 |
               +--------+--------+--------+--------+--------+-----+--------+

Top non-repeatable levels by time:
     D:3: 2049 daAuts
     D:2: 1703 daAuts
     D:1: 989 daAuts
     D:4: 488 daAuts
     D:5: 463 daAuts
  Temple: 219 daAuts
